 Dungeon Crawl Stone Soup version 0.19-a0-1886-gd64a0f0 (webtiles) character file.

175875 jacquesderrida the Fencer (level 17, -3/95 HPs)
             Began as a Vine Stalker Skald on Sept 19, 2016.
             Was a High Priest of Ashenzari.
             Slain by a glaive of freezing (4 damage)
             ... on level 1 of the Elven Halls on Oct 16, 2016.
             The game lasted 01:48:27 (15589 turns).

jacquesderrida the Fencer (Vine Stalker Skald)     Turns: 15589, Time: 01:48:29

Health: -3/95      AC: 16    Str: 15    XL:     17   Next: 47%
Magic:  0/29       EV: 21    Int: 16    God:    Ashenzari [*****.]
Gold:   636        SH:  0    Dex: 20    Spells: 5 memorised, 21 levels left

rFire  . . .     SeeInvis +     a - +2 scimitar (venom)
rCold  . . .     Gourm    .     f - +1 chain mail {MR+}
rNeg   . . .     Faith    .     (no shield)
rPois  +         Spirit   +     G - +2 helmet {Int+3} (curse)
rElec  .         Dismiss  .     (no cloak)
rCorr  .         Reflect  .     (no gloves)
MR     +++..     Harm     .     J - +0 pair of boots (curse)
Stlth  .......... Clarity  +    S - amulet of regeneration
                                U - ring of Shaolin {EV+8}
                                P - ring of poison resistance

@: about to teleport, very slightly contaminated, heavily drained
A: fangs 3, regeneration 2, magic shield, antimagic bite, no device heal 3, rot
immunity
a: Curse Item, Scrying, Transfer Knowledge, Renounce Religion
}: 2/15 runes: decaying, gossamer


You were on level 1 of the Elven Halls.
You worshipped Ashenzari.
Ashenzari was extremely pleased with you.
You were full.

You visited 7 branches of the dungeon, and saw 33 of its levels.

You collected 2357 gold pieces.
You spent 1721 gold pieces at shops.

Inventory:

Hand Weapons
 a - a +2 scimitar of venom (weapon)
 T - a +2 scimitar of flaming
 Y - a +0 scimitar of electrocution
Missiles
 g - 20 tomahawks (quivered)
Armour
 c - a +0 troll leather armour
 f - a +1 chain mail of magic resistance (worn)
 u - a +2 leather armour of fire resistance
 E - a +4 scale mail
 G - a cursed +2 helmet of intelligence (worn)
 J - a cursed +0 pair of boots (worn)
 X - a +0 chain mail of cold resistance
Rods
 b - a +3 rod of ignition (9/9)
   (You found it on level 11 of the Dungeon)
 M - a +0 rod of inaccuracy (9/9)
   (You found it on level 2 of the Lair of Beasts)
Jewellery
 t - an uncursed amulet of magic regeneration
 D - an uncursed ring of flight
 I - an uncursed ring of positive energy
 L - the ring of Bolyolem {+Inv rC+ Str+2}
   (You found it on level 13 of the Dungeon)

   [ring of protection from cold]

   It affects your strength (+2).
   It protects you from cold.
   It lets you turn invisible.
 P - a ring of poison resistance (left hand)
 S - an amulet of regeneration (around neck)
 U - the ring of Shaolin (right hand) {EV+8}
   (You bought it in a shop on level 2 of the Orcish Mines)

   [ring of evasion]

   It affects your evasion (+8).
Wands
 n - a wand of disintegration (2/24)
 C - a wand of teleportation (1/9)
 F - a wand of hasting (3/9)
 K - a wand of paralysis (9/24)
Scrolls
 e - a scroll of enchant armour
 j - 8 scrolls of remove curse
 l - 5 scrolls of identify
 r - a scroll of enchant weapon
 H - 7 scrolls of magic mapping
 V - a scroll of fear
Potions
 i - 3 potions of flight
 o - 6 potions of curing
 w - 5 potions of resistance
 x - a potion of cancellation
 A - 2 potions of haste
 B - 2 potions of might
 Q - 3 potions of ambrosia
Comestibles
 d - 9 bread rations
 k - 3 meat rations


   Skills:
 + Level 13.2(11.7) Fighting
 - Level 15.1(13.5) Long Blades
 + Level 10.1(8.7) Armour
 + Level 12.0(10.5) Dodging
 - Level 7.8(6.5) Spellcasting
 - Level 4.6(3.4) Hexes
 + Level 9.5(8.1) Charms


You had 21 spell levels left.
You knew the following spells:

 Your Spells              Type           Power        Failure   Level  Hunger
a - Infusion              Chrm           ####         10%         1    None
b - Summon Butterflies    Summ           #.......     99%         1    None
d - Shroud of Golubria    Chrm/Tloc      ###.......   56%         2    None
r - Regeneration          Chrm/Necr      ###.......   90%         3    ##.....
s - Spectral Weapon       Hex/Chrm       ###.....     61%         3    ##.....


Dungeon Overview and Level Annotations

Branches:
Dungeon (15/15)            Temple (1/1) D:4            Lair (6/6) D:9
  Swamp (4/4) Lair:4       Spider (4/4) Lair:3        Slime (0/5) Lair:5
    Orc (2/2) D:10            Elf (1/3) Orc:2        Vaults (0/5) D:13
 Depths: D:15

Altars:
Ashenzari
Cheibriados
Dithmenos
Elyvilon
Fedhas
Gozag
Hepliaklqana
Kikubaaqudgha
Makhleb
Nemelex Xobeh
Okawaru
Qazlal
Ru
Sif Muna
Trog
Vehumet
Xom
Yredelemnul
Zin
The Shining One
Beogh
Jiyva

Shops:
D:10 =**(   D:13 }   Orc:2 *=([(

Annotations:
D:13 exclusion: upstairs, Frances
D:14 Rupert
D:15 Agnes
Lair:2 exclusion: upstairs
Lair:3 exclusion: oklob plant
Lair:5 exclusion: upstairs


Innate Abilities, Weirdness & Mutations

You have razor-sharp teeth.
You heal very quickly.
When hurt, damage is shared between your health and your magic reserves.
Your bite disrupts and absorbs the magic of your enemies.
Potions and wands cannot restore your health.
You are immune to rotting.


Message History

Your bite misses the glaive of freezing.
The glaive of freezing is severely damaged.
Your spectral weapon barely misses the glaive of freezing.
The glaive of freezing hits you!!
* * * LOW HITPOINT WARNING * * *
The glaive of freezing freezes you.
* * * LOW HITPOINT WARNING * * *
Okay, then.
Evoke which item? (* to show all) (? for menu, Esc to quit)
Okay, then.
Evoke which item? (* to show all) (? for menu, Esc to quit)
Zapping:
C - a wand of teleportation (2/9)
Press: ? - help, Shift-Dir - straight line, f - you You feel strangely unstable.
This wand has 1 charge left.
The flail of draining hits you.
You feel drained. The flail of draining misses you.
You riposte.
You miss the flail of draining. Your bite misses the flail of draining.
The glaive of freezing hits you!
* * * LOW HITPOINT WARNING * * *
The glaive of freezing freezes you.
You die...

* #.<.# * * *
#...# #...## **,
, ##.## #....##
,, , #)#
#.....### , ,*
#.# #.......# , ,
* #)# #....... ,,
, ##)## #..... .#
, #...# #(..#...#
,, , #)..#
#(@(....# , ,*
#.8.# #.##.#.##
,, ,, #...#
#.##.#..#* , ,
,{* #...#
#......#,** * *
#.8.# #.##..##*
,,, , #...#
#.##.#...*,* , *,
#...# #.#(#
,..#*,* ,*
*###.#.###.##.#,,
# ,
#.........##..#*
*


You could see 2 dancing weapons and a friendly spectral scimitar of venom.

Vanquished Creatures
  Saint Roka (Orc:2)
  A thorn hunter (Swamp:4)
  The ghost of braks the Devastator, an adept DsAE of Vehumet (Spider:1)
  2 ghost moths (Spider:4)
  6 emperor scorpions
  2 orc warlords
  A dire elephant (Lair:6)
  2 spark wasps
  Azrael (D:13)
  The ghost of sveltemanboy the Carver, a journeyman DsGl of Okawaru (Orc:2)
  15 hydras
  A catoblepas (D:13)
  3 alligators
  A centaur warrior (D:13)
  2 dancing weapons (D:13)
  A merfolk avatar (Lair:6)
  A death knight (D:12)
  4 death yaks (Lair:6)
  2 orc high priests
  A deep troll earth mage (D:11)
  A spriggan berserker (Swamp:4)
  A tengu warrior (D:14)
  3 spriggans
  A spriggan druid (Swamp:4)
  A ghost moth zombie (Spider:2)
  8 swamp dragons
  A shambling mangrove (Swamp:1)
  5 orc knights (Orc:2)
  A phantasmal warrior (D:12)
  Pikel (D:6)
  6 ghosts (Spider:2)
  3 hill giants
  2 harpies (Lair:6)
  9 orb spiders
  6 deep elf magi (Elf:1)
  4 cyclopes
  27 wolf spiders
  A hornet (Spider:1)
  2 manticores
  3 orc sorcerers (Orc:2)
  5 ugly things
  8 elephants
  2 gargoyles
  4 black mambas
  2 torpor snails
  10 spiny frogs
  2 freezing wraiths (D:12)
  9 komodo dragons
  A yaktaur (D:12)
  16 demonic crawlers
  7 rime drakes
  A redback zombie (Spider:2)
  8 trolls
  2 polar bears (Lair:6)
  5 slime creatures
  14 jumping spiders
  18 blink frogs
  8 bog bodies
  2 tyrant leeches
  A two-headed ogre (Orc:2)
  A moth of wrath zombie (Spider:2)
  A blink frog (shapeshifter) (D:11)
  2 removed
  MONS_BOULDER_BEETLEs (Spider:2)
  9 dream sheep
  8 hippogriffs
  A jumping spider zombie (Spider:2)
  A wind drake (Lair:6)
  47 redbacks
  15 tarantellas
  4 basilisks
  A vampire (D:10)
  3 fire elementals
  3 wyverns
  33 yaks
  Eustachio (D:4)
  A steam dragon (D:10)
  13 vampire mosquitoes
  A mottled dragon (D:12)
  7 swamp worms
  An orb spider zombie (Spider:2)
  5 wargs
  4 hell hounds
  5 soldier ants (Spider:2)
  13 water moccasins
  Duvessa (D:6)
  5 porcupines
  10 swamp drakes
  5 ice beasts
  2 phantoms
  2 sky beasts
  2 slaves (D:6)
  35 orc warriors
  12 removed MONS_WASPs
  9 wolves
  15 ogres
  10 centaurs
  A necrophage (D:10)
  10 crocodiles
  A big kobold (D:9)
  16 bullfrogs
  Dowan (D:6)
  11 scorpions
  9 killer bees
  An electric eel (Spider:4)
  4 howler monkeys
  10 wights
  A program bug zombie (Spider:2)
  3 crimson imps
  A quasit (D:12)
  A jelly (D:11)
  3 centaur zombies
  24 orc wizards
  2 bullfrog skeletons
  2 bullfrog zombies
  3 centaur skeletons
  15 orc priests
  7 hounds
  8 iguanas
  11 worker ants
  A hound skeleton (D:3)
  11 adders
  3 gnolls (D:6)
  32 river rats
  3 shadow imps
  An ooze (D:1)
  An adder zombie (D:6)
  An adder skeleton (D:4)
  A dart slug (D:2)
  6 leopard geckos
  75 orcs
  2 giant cockroaches
  2 goblins (D:1)
  2 hobgoblins (D:2)
  A jackal (D:6)
  2 quokkas
  A ball python (D:6)
  3 bats
  4 frilled lizards
  7 kobolds (D:9)
  A leopard gecko skeleton (D:7)
  A quokka zombie (D:6)
  2 rats
  A butterfly (Lair:3)
  11 crawling corpses (Spider:2)
  A plant (Lair:6)
869 creatures vanquished.

Vanquished Creatures (others)
  A redback (Spider:4)
  A bullfrog (D:6)
  A worker ant (D:14)
  A gnoll (D:6)
  4 fungi
  11 plants
  43 spectral weapons
62 creatures vanquished.

Grand Total: 931 creatures vanquished

Notes
Turn   | Place    | Note
-------+----------+-------------------------------------------
     0 | D:1      | jacquesderrida the Vine Stalker Skald began the quest for the Orb.
     0 | D:1      | Reached XP level 1. HP: 11/11 MP: 4/4
     8 | D:1      | Reached skill level 2 in Long Blades
    40 | D:1      | Reached XP level 2. HP: 8/15 MP: 6/6
    82 | D:2      | Reached skill level 3 in Long Blades
   209 | D:2      | Reached XP level 3. HP: 14/18 MP: 7/7
   447 | D:3      | Gained mutation: Your natural rate of healing is unusually fast. [Vine Stalker growth]
   447 | D:3      | Reached XP level 4. HP: 11/23 MP: 6/8
   566 | D:4      | Noticed a sky beast
   593 | D:4      | Killed a sky beast
   593 | D:4      | Reached skill level 5 in Long Blades
   593 | D:4      | Reached XP level 5. HP: 10/26 MP: 9/9
   666 | D:4      | Noticed Eustachio
   698 | D:4      | Killed Eustachio
   698 | D:4      | Reached skill level 6 in Long Blades
   698 | D:4      | Reached XP level 6. HP: 18/30 MP: 10/10
   838 | D:4      | Found an opulent altar of Gozag.
   839 | D:4      | Found a shimmering altar of Xom.
   901 | D:5      | Entered Level 5 of the Dungeon
   916 | D:5      | Found a shadowy altar of Dithmenos.
   943 | D:5      | Noticed an ice beast
   970 | D:4      | Found a staircase to the Ecumenical Temple.
   982 | Temple   | Entered the Ecumenical Temple
  1075 | Temple   | Became a worshipper of Ashenzari the Shackled
  1207 | D:4      | Reached XP level 7. HP: 34/34 MP: 11/11
  1299 | D:5      | Reached skill level 7 in Long Blades
  1484 | D:6      | Reached skill level 8 in Long Blades
  1500 | D:6      | Gained mutation: You have razor-sharp teeth. [Vine Stalker growth]
  1500 | D:6      | Reached XP level 8. HP: 18/38 MP: 12/12
  1582 | D:6      | Noticed Pikel
  1619 | D:6      | Killed Pikel
  1619 | D:6      | Reached skill level 9 in Long Blades
  1641 | D:6      | Found a radiant altar of Vehumet.
  1717 | D:6      | Noticed Duvessa
  1717 | D:6      | Noticed Dowan
  1731 | D:6      | Killed Duvessa
  1731 | D:6      | Reached skill level 10 in Long Blades
  1747 | D:6      | Killed Dowan
  1747 | D:6      | Reached XP level 9. HP: 18/42 MP: 13/13
  1874 | D:7      | Reached skill level 11 in Long Blades
  2020 | D:6      | Reached skill level 1 in Dodging
  2140 | D:8      | Found an ancient bone altar of Kikubaaqudgha.
  2600 | D:9      | Reached * piety under Ashenzari
  2612 | D:9      | Found a staircase to the Lair.
  2653 | D:9      | Reached XP level 10. HP: 49/49 MP: 14/14
  2734 | D:10     | Entered Level 10 of the Dungeon
  2745 | D:10     | Found Upsir's Jewellery Emporium.
  2783 | D:10     | Found Ifalesh's Antique Weapon Emporium.
  2803 | D:10     | Found Fapu's General Store.
  2827 | D:10     | Noticed a gargoyle
  2828 | D:10     | Found a runed door.
  2871 | D:10     | Learned a level 3 spell: Spectral Weapon
  2875 | D:10     | Learned a level 3 spell: Regeneration
  2878 | D:10     | Learned a level 2 spell: Shroud of Golubria
  2910 | D:10     | Killed a gargoyle
  3106 | D:11     | Found a white marble altar of Elyvilon.
  3152 | D:11     | Noticed a hill giant
  3163 | D:11     | Killed a hill giant
  3177 | D:11     | Reached skill level 5 in Fighting
  3177 | D:11     | Reached skill level 12 in Long Blades
  3219 | D:11     | Noticed a cyclops
  3278 | D:11     | Killed a cyclops
  3318 | D:11     | Noticed a deep troll earth mage
  3321 | D:11     | Killed a deep troll earth mage
  3476 | D:11     | Noticed a gargoyle
  3489 | D:11     | Killed a gargoyle
  3489 | D:11     | Reached skill level 5 in Dodging
  3543 | D:10     | Reached XP level 11. HP: 46/56 MP: 12/15
  3561 | D:10     | Found Estuf's Assorted Antiques.
  3565 | D:10     | Bought a runed leather armour for 66 gold pieces
  3610 | D:10     | Reached skill level 1 in Hexes
  3674 | D:10     | Found Xuxkuco's Weapon Emporium.
  3786 | D:11     | Noticed a manticore
  3799 | D:11     | Killed a manticore
  3806 | D:11     | Noticed a seven-headed hydra
  3973 | Lair:1   | Entered Level 1 of the Lair of Beasts
  4065 | Lair:1   | Noticed a seven-headed hydra
  4078 | Lair:1   | Noticed a six-headed hydra
  4084 | Lair:2   | Reached ** piety under Ashenzari
  4104 | Lair:2   | Identified the Grimoire of Glacial Flight
  4145 | Lair:2   | Identified a +3 rod of ignition (9/9) (You found it on level 11 of the Dungeon)
  4551 | Lair:3   | Noticed a four-headed hydra
  4622 | Lair:3   | SPIDER
  4657 | Lair:3   | Reached skill level 5 in Charms
  4683 | Lair:3   | Found a hole to the Spider Nest.
  4775 | Lair:3   | Gained mutation: You heal very quickly. [Vine Stalker growth]
  4775 | Lair:3   | Reached XP level 12. HP: 53/63 MP: 16/16
  4804 | Lair:3   | Reached skill level 13 in Long Blades
  5111 | Lair:4   | Reached skill level 1 in Armour
  5165 | Lair:4   | Found a staircase to the Swamp.
  5262 | Lair:4   | Noticed a four-headed hydra
  5575 | Lair:5   | Reached *** piety under Ashenzari
  5576 | Lair:5   | Found a viscous altar of Jiyva.
  5577 | Lair:5   | Found a staircase to the Slime Pits.
  5637 | Lair:6   | Entered Level 6 of the Lair of Beasts
  5637 | Lair:6   | Noticed a death yak
  5783 | Lair:6   | Identified a +0 rod of inaccuracy (9/9) (You found it on level 2 of the Lair of Beasts)
  5886 | Lair:6   | Noticed a death yak
  5887 | Lair:6   | Noticed a death yak
  5910 | Lair:6   | Killed a death yak
  5912 | Lair:6   | Killed a death yak
  5941 | Lair:6   | Noticed a death yak
  5973 | Lair:6   | Killed a death yak
  5973 | Lair:6   | Reached XP level 13. HP: 54/69 MP: 17/17
  6568 | Lair:6   | Reached skill level 5 in Armour
  6598 | Lair:6   | Reached skill level 14 in Long Blades
  6729 | Lair:6   | Noticed a dire elephant
  6779 | Lair:6   | Killed a dire elephant
  6980 | Lair:6   | Reached skill level 10 in Fighting
  7002 | Lair:6   | Identified A Beginning Course on Hermeneutics
  7023 | Lair:6   | Learned a level 1 spell: Summon Butterflies
  7107 | Lair:5   | Identified a -3 rod of ignition (10/10) (You found it on level 5 of the Lair of Beasts)
  7314 | D:9      | Reached XP level 14. HP: 47/77 MP: 12/18
  8058 | D:13     | Identified the ring of Bolyolem {+Inv rC+ Str+2}
  8152 | D:14     | Noticed Rupert
  8216 | D:13     | Found Leziliepn's Gadget Emporium.
  8395 | D:15     | Entered Level 15 of the Dungeon
  8395 | D:15     | Noticed Agnes
  8582 | D:13     | Noticed Azrael
  8686 | D:13     | Killed Azrael
  8762 | D:13     | Found a gate to the Vaults.
  8763 | D:13     | Reached **** piety under Ashenzari
  8808 | D:13     | Noticed Frances
  9939 | D:10     | Found a staircase to the Orcish Mines.
  9950 | Orc:1    | Entered Level 1 of the Orcish Mines
 10296 | Orc:1    | Noticed an orc warlord
 10321 | Orc:1    | Killed an orc warlord
 10385 | Orc:2    | Entered Level 2 of the Orcish Mines
 10446 | Orc:2    | Found a roughly hewn altar of Beogh.
 10538 | Orc:2    | Noticed sveltemanboy's ghost (journeyman DsGl)
 10761 | Orc:2    | Killed sveltemanboy's ghost
 10788 | Orc:2    | Reached skill level 10 in Dodging
 10825 | Orc:2    | Reached XP level 15. HP: 48/83 MP: 19/19
 10855 | Orc:2    | Noticed an orc warlord
 10875 | Orc:2    | Killed an orc warlord
 11031 | Orc:2    | Reached skill level 15 in Long Blades
 11050 | Orc:2    | Found a roughly hewn altar of Beogh.
 11089 | Orc:2    | Found Nigrol's General Store.
 11096 | Orc:2    | Bought a scroll of teleportation for 42 gold pieces
 11109 | Orc:2    | Found Ypepedu's Antique Weapon Shop.
 11118 | Orc:2    | Found Hioptukya's Antique Armour Shop.
 11159 | Orc:2    | Found Ocapaest's Jewellery Shop.
 11167 | Orc:2    | Bought the ring of Shaolin {EV+8} for 1536 gold pieces
 11189 | Orc:2    | Bought a scroll of fear for 49 gold pieces
 11189 | Orc:2    | Bought a scroll of identify for 28 gold pieces
 11213 | Orc:2    | Noticed Saint Roka
 11489 | Lair:4   | Got the uncursed large shield "Iplewk" {rPois rN+ Int-3}
 11497 | Lair:4   | Identified the +7 large shield "Iplewk" {rPois rN+ Int-3} (You found it on level 4 of the Lair of Beasts)
 11518 | Swamp:1  | Entered Level 1 of the Swamp
 11836 | Swamp:4  | Entered Level 4 of the Swamp
 12053 | Swamp:4  | Noticed a thorn hunter
 12069 | Swamp:4  | Killed a thorn hunter
 12078 | Swamp:4  | Reached ***** piety under Ashenzari
 12365 | Swamp:4  | Got a decaying rune of Zot
 12375 | Swamp:4  | Reached XP level 16. HP: 71/88 MP: 20/24
 12654 | Spider:1 | Entered Level 1 of the Spider Nest
 12710 | Spider:1 | Reached skill level 5 in Spellcasting
 12769 | Spider:1 | Noticed braks's ghost (adept DsAE)
 12812 | Spider:1 | Killed braks's ghost
 13301 | Spider:2 | Upgraded the game from 0.19-a0-1637-gfc13266 to 0.19-a0-1672-g679cadd
 13301 | Spider:2 | Upgraded the game from 0.19-a0-1672-g679cadd to 0.19-a0-1886-gd64a0f0
 13700 | Spider:4 | Entered Level 4 of the Spider Nest
 14182 | Spider:4 | Reached XP level 17. HP: 62/94 MP: 21/28
 14482 | Spider:4 | Got a gossamer rune of Zot
 15103 | Orc:2    | Found a staircase to the Elven Halls.
 15298 | Orc:2    | Killed Saint Roka
 15298 | Orc:2    | Reached skill level 10 in Armour
 15313 | Orc:2    | Found Zujiptile's Antique Weapon Shop.
 15493 | Elf:1    | Entered Level 1 of the Elven Halls
 15589 | Elf:1    | HP: 1/95 [glaive of freezing (12)]
 15589 | Elf:1    | Slain by a glaive of freezing

Vault maps used:
D:1:      minmay_arrival_five_plusses, minivault_23, minmay_bisected
D:3:      uniq_sigmund
D:4:      gammafunk_temple_overflow_pools, hangedman_abyss_or_decor_stabs,
          uniq_crazy_yiuf_cottage, uniq_eustachio
D:5:      minmay_diamond_boxcup, lemuel_crystal_altar, basic_altar, first_bread
D:6:      basic_altar, st_stairs_1, uniq_duvessa, uniq_pikel,
          uniq_prince_ribbit1
D:8:      lemuel_round_altar, grunt_ogre_cave
D:9:      lair_0_dummy
D:10:     david_orc_4, serial_shops, shop, nicolae_shop_waterfront, shop,
          nicolae_shop_overgrown_old_shop, shop, minmay_st_funbox,
          nrook_mini_backslash
D:11:     minmay_shrinking_squares, elyvilon_altar_4
D:12:     st_stairs_14
D:13:     erik_vaults_1, serial_shops, shop, uniq_frances, uniq_azrael
D:14:     nicolae_benzene_ring, uniq_rupert
D:15:     grunt_enter_depths_magical_seal, serial_shops, nicolae_shop_crystal,
          hangedman_ru_absence, uniq_josephine, uniq_agnes
Temple:   minmay_crystal_spiral_temple
Lair:1:   beast_lair_carwin_large_4
Lair:3:   dummy_spider_entry, lemuel_fruit_tree, serial_bayou_shore_b,
          lemuel_fruit_fields
Lair:4:   swamp_mist_pool
Lair:5:   slime_altar_1, grunt_forest_large_clearing_hut
Lair:6:   gammafunk_lair_ancient_temple
Swamp:1:  evilmike_swamp_ruin_house_5, st_swamp_ruins_3, uniq_aizul
Swamp:2:  hangedman_swamp_lotus, swamp_pool1
Swamp:3:  evilmike_swamp_ruin_house_2, uniq_nikola
Swamp:4:  swamp_basic_johnstein
Spider:2: hangedman_creepy_crawlies
Spider:4: grunt_spider_rune_circles
Orc:1:    nicolae_orc_accident_1, minmay_orc_barracks
Orc:2:    grunt_orc_cross, serial_shops, shop_coins, special_room, basic_altar,
          uniq_saint_roka
Elf:1:    elf_arrival_001, minmay_elf_necromancy, minmay_shoptagon

Skill      XL: |  1  2  3  4  5  6  7  8  9 10 11 12 13 14 15 16 17 |
---------------+----------------------------------------------------+-----
Long Blades    | 2 3 5 6 8 10 11 12 13 14 15 | 15.1
Dodging        | 3 5 6 7 8 10 11 12 | 12.0
Fighting       | 3 6 7 8 10 11 12 13 | 13.2
Hexes          | 4 |  4.6
Charms         | 5 6 8 9 |  9.5
Armour         | 3 5 7 8 9 10 | 10.1
Spellcasting   | 4 7 |  7.8

Action                   |  1- 3 |  4- 6 |  7- 9 | 10-12 | 13-15 | 16-18 || total
-------------------------+-------+-------+-------+-------+-------+-------++-------
Melee: Falchion          |    70 |    92 |   219 |       |       |       ||   381
       Bite              |    10 |    28 |   100 |   238 |   636 |   471 ||  1483
       Scimitar          |       |       |   115 |   673 |  1574 |   974 ||  3336
       Trident           |       |       |       |       |     1 |       ||     1
Throw: Tomahawk          |     2 |     2 |       |     1 |       |     1 ||     6
 Cast: Infusion          |     3 |     1 |       |     5 |       |       ||     9
       Shroud of Golubri |       |       |       |     3 |     2 |       ||     5
       Spectral Weapon   |       |       |       |     5 |    54 |    43 ||   102
       Regeneration      |       |       |       |       |       |    11 ||    11
Invok: Scrying           |       |       |       |       |       |     2 ||     2
       Curse Item        |       |       |       |       |       |     1 ||     1
Evoke: Wand              |       |     2 |    11 |    15 |    18 |    15 ||    61
       Rod               |       |       |       |     5 |    15 |     6 ||    26
       Sack of spiders   |       |       |       |     3 |     6 |       ||     9
  Use: Potion            |       |     1 |     2 |     4 |     3 |     1 ||    11
       Scroll            |       |     6 |     8 |    15 |    10 |     6 ||    45
 Stab: Invisible         |       |     1 |       |       |     1 |       ||     2
       Paralysed         |       |       |    12 |       |       |     3 ||    15
       Distracted        |       |       |     1 |       |    11 |     4 ||    16
       Sleeping          |       |       |     1 |     1 |       |       ||     2
       Petrified         |       |       |       |       |     6 |       ||     6
  Eat: Chunk             |       |     1 |     6 |    11 |    26 |       ||    44
       Beef jerky        |       |       |       |     1 |     1 |       ||     2
       Pizza             |       |       |       |     1 |       |     1 ||     2
       Royal jelly       |       |       |       |       |     2 |       ||     2
       Fruit             |       |       |       |       |     7 |     7 ||    14
       Meat ration       |       |       |       |       |       |     3 ||     3
Armor: Leather armour    |     2 |       |       |    12 |       |       ||    14
       Ring mail         |     6 |     6 |    77 |    24 |       |       ||   113
       Chain mail        |    19 |    54 |       |       |       |    19 ||    92
       Scale mail        |       |       |       |    99 |   381 |   236 ||   716
Dodge: Dodged            |    24 |    31 |   118 |   332 |  1044 |  1117 ||  2666
       Rpst.: Scimitar   |       |       |       |       |       |   145 ||   145
